 Dungeon Crawl Stone Soup version 0.19-a0-1394-g582fb70 (webtiles) character file.

127 rageheart7 the Cutter (level 5, 0/33 HPs)
             Began as a Halfling Wanderer on Sept 3, 2016.
             Succumbed to rageheart7's ghost's poison
             ... on level 2 of the Dungeon.
             The game lasted 00:04:18 (2372 turns).

rageheart7 the Cutter (Halfling Wanderer)           Turns: 2372, Time: 00:04:18

Health: 0/33       AC:  6    Str:  9    XL:     5   Next: 33%
Magic:  5/5        EV: 18    Int: 13    God:
Gold:   136        SH:  0    Dex: 16    Spells: 0 memorised, 4 levels left

rFire  . . .     SeeInvis .     l - +0 dagger (drain)
rCold  . . .     Gourm    .     q - +0 robe {rN+}
rNeg   + . .     Faith    .     (shield restricted)
rPois  .         Spirit   .     t - +2 helmet
rElec  .         Dismiss  .     g - +0 cloak
rCorr  .         Reflect  .     (no gloves)
MR     .....     Harm     +     (no boots)
Stlth  +++.......               y - amulet of harm
                                (no ring)
                                o - +4 ring of evasion

@: lethally poisoned (0 -> -42)
A: mutation resistance 1
a: no special abilities


You were on level 2 of the Dungeon.
You were not hungry.

You visited 1 branch of the dungeon, and saw 4 of its levels.

You collected 136 gold pieces.

Inventory:

Hand Weapons
 h - a +0 hunting sling
 l - a +0 dagger of draining (weapon)
Missiles
 i - 59 stones (quivered)
 p - 17 sling bullets
Armour
 g - a +0 cloak (worn)
 q - a +0 robe of positive energy (worn)
 t - a +2 helmet (worn)
Jewellery
 o - a +4 ring of evasion (left hand)
 x - an uncursed amulet of dismissal
 y - an amulet of harm (around neck)
Wands
 c - a wand of random effects (35/48)
Scrolls
 e - 3 scrolls of remove curse
 w - a scroll of teleportation
Potions
 b - a potion of magic
 d - a potion of might
 j - a potion of curing
 k - a potion of lignification {unknown}
 m - a potion of degeneration {unknown}
 n - a potion of brilliance {unknown}
 z - a potion of ambrosia {unknown}
Books
 a - a book of Maledictions

   Spells                             Type                      Level
   a - Corona                         Hexes                        1
   b - Ensorcelled Hibernation        Hexes/Ice                    2
   c - Confuse                        Hexes                        3
   d - Tukima's Dance                 Hexes                        3
   e - Dazzling Spray                 Conjuration/Hexes            3
Comestibles
 f - 2 bread rations
 r - 2 chunks of flesh
 s - a beef jerky


   Skills:
 - Level 1.0 Fighting
 + Level 5.1 Short Blades
 - Level 1.1 Dodging
 * Level 4.0 Stealth
   Level 1.1 Shields
   Level 1.0 Hexes
   Level 2.0 Earth Magic
 - Level 1.0 Evocations


You had 4 spell levels left.
You didn't know any spells.

Dungeon Overview and Level Annotations

Branches:
Dungeon (4/15)
 Temple: D:4-7

Altars:
Ru

Annotations:
D:3 rageheart7's ghost, amateur HaWn


Innate Abilities, Weirdness & Mutations

You are small and have problems with some larger weapons.
You are somewhat resistant to further mutation.


Message History

Rageheart7's ghost hits you but does no damage.
You are more poisoned.
You hit rageheart7's ghost.
Rageheart7's ghost is lightly damaged.
You feel sick. Rageheart7's ghost misses you.
You hit rageheart7's ghost but do no damage.
Rageheart7's ghost is lightly damaged.
You feel sick. Rageheart7's ghost hits you.
You are lethally poisoned!
You hit rageheart7's ghost but do no damage.
Rageheart7's ghost is lightly damaged.
You feel sick.
You hit rageheart7's ghost but do no damage.
Rageheart7's ghost is lightly damaged.
You feel sick. Rageheart7's ghost closely misses you.
You feel sick. Rageheart7's ghost hits you.
* * * LOW HITPOINT WARNING * * *
You are more poisoned.
You climb upwards.
You die...

#.# ##### #.####### #
#.......# #
##########.......# #
#.............##.####
###.########..#......##
#......# #.......#.##
#.#.##[# ##.####.#...
#.#.##@### #......#.##
#.#......# ########...
#.####.#.# #####.##
#.####.#.#######.....<.
#......#.#.....#.#.....
########.#.....#.#)###.
#.#.............
#.#.....#.#..#..
##########♣♣♣♣♣♣.#.#..#..


There were no monsters in sight!

Vanquished Creatures
  A hound skeleton (D:4)
  A gnoll (D:1)
  5 adders
  2 worms (D:2)
  A dart slug (D:2)
  5 giant geckos
  2 ball pythons
  5 giant cockroaches
  2 goblins (D:2)
  5 hobgoblins
  6 jackals
  A quokka (D:2)
  4 bats
  A giant newt (D:2)
  A kobold (D:1)
  3 rats
45 creatures vanquished.

Notes
Turn   | Place    | Note
-------+----------+-------------------------------------------
     0 | D:1      | rageheart7 the Halfling Wanderer began the quest for the Orb.
     0 | D:1      | rageheart7 set off with: a book of Maledictions, a +0 short sword, a wand of random effects (15/48), a +0 robe, a bread ration
     0 | D:1      | Reached XP level 1. HP: 13/13 MP: 1/1
   149 | D:1      | Reached skill level 3 in Short Blades
   408 | D:1      | Reached XP level 2. HP: 18/18 MP: 2/2
   537 | D:1      | Reached skill level 4 in Short Blades
   664 | D:1      | Reached XP level 3. HP: 13/23 MP: 3/3
  1270 | D:2      | Reached XP level 4. HP: 27/28 MP: 4/4
  1442 | D:2      | Found a sacrificial altar of Ru.
  1452 | D:2      | You fall through a shaft!
  1485 | D:3      | Noticed rageheart7's ghost (amateur HaWn)
  1896 | D:4      | Reached skill level 5 in Short Blades
  1991 | D:2      | Reached XP level 5. HP: 33/33 MP: 5/5
  2372 | D:2      | Succumbed to rageheart7's ghost's poison

Vault maps used:
D:1:      mushboom_english_gardens, serial_bayou_pond_e
D:2:      nicolae_ru_sacrificial_ziggurat, serial_bayou_ford_a
D:3:      nicolae_overflow_crystal_walls, makhleb_grotto_becter
D:4:      gammafunk_temple_overflow_statue

Skill      XL: |  1  2  3  4  5 |
---------------+----------------+-----
Short Blades   | 3 4 5 |  5.1
Stealth        | 2 3 4 |  4.0
Fighting       | |  1.0
Dodging        | |  1.1
Shields        | |  1.1
Hexes          | |  1.0
Earth Magic    | |  2.0
Evocations     | |  1.0

Action                   |  1- 3 |  4- 6 || total
-------------------------+-------+-------++-------
Melee: Short sword       |    15 |       ||    15
       Dagger            |    44 |   111 ||   155
 Fire: Hunting sling     |       |     7 ||     7
  Use: Scroll            |     2 |     6 ||     8
       Potion            |       |     1 ||     1
 Stab: Sleeping          |     7 |     4 ||    11
  Eat: Chunk             |     1 |     4 ||     5
Armor: Robe              |     9 |    26 ||    35
Dodge: Dodged            |    33 |    90 ||   123
